 Dungeon Crawl Stone Soup version 0.30.1-3-gfc49f6343a (webtiles) character file.

Game seed: 9363463159209707126

702 cdecastro the Cudgeller (level 7, -1/56 HPs)
             Began as an Armataur Warper on July 25, 2023.
             Was an Initiate of Okawaru.
             Slain by a killer bee (6 damage)
             ... on level 7 of the Dungeon.
             The game lasted 00:14:54 (6231 turns).

cdecastro the Cudgeller (Armataur Warper)           Turns: 6231, Time: 00:14:55

Health: -1/56      AC:  7    Str: 18    XL:     7   Next: 38%
Magic:  9/9        EV:  9    Int: 14    God:    Okawaru [......]
Gold:   182        SH:  0    Dex:  9    Spells: 4/9 levels left

rFire   . . .        a - +0 mace
rCold   . . .        (no shield)
rNeg    . . .        b - +0 leather armour
rPois   .            x - +0 helmet
rElec   .            h - +0 cloak
rCorr   .            y - +0 pair of gloves
SInv    .            (no barding)
Will    .....        (no amulet)
Stlth   +            (no ring)
HPRegen 0.29/turn    (no ring)
MPRegen 0.11/turn

%: roll
@: lethally poisoned (-1 -> -2)
A: large, rugged brown scales 3, deformed body, armoured tail, roll, long
tongue, awkward tongue
a: Renounce Religion


You were on level 7 of the Dungeon.
You worshipped Okawaru.
Okawaru was noncommittal.
You visited 2 branches of the dungeon, and saw 8 of its levels.

You collected 349 gold pieces.
You spent 167 gold pieces at shops.

Inventory:

Hand Weapons
 a - a +0 mace (weapon)
Missiles
 d - 6 boomerangs of dispersal
 o - 6 boomerangs
 u - 5 javelins
 v - 7 poisoned darts (quivered)
Armour
 b - a +0 leather armour (worn)
 h - a +0 cloak (worn)
 x - a +0 helmet (worn)
 y - a +0 pair of gloves (worn)
Jewellery
 A - a ring of poison resistance
Wands
 z - a wand of flame (15)
 D - a wand of light (11)
Scrolls
 c - 2 scrolls of blinking
 e - a scroll of enchant armour {unknown}
 i - a scroll of magic mapping {unknown}
 k - a scroll of butterflies {unknown}
 l - 2 scrolls of fog
 n - a scroll of fear
 p - a scroll of teleportation
 q - a scroll of amnesia {unknown}
 t - 3 scrolls of immolation {unknown}
 w - a scroll of acquirement {unknown}
 C - a scroll of torment {unknown}
Potions
 f - a potion of brilliance
 g - 4 potions of heal wounds
 j - a potion of lignification
 m - a potion of curing
 r - 3 potions of might
 s - a potion of attraction {unknown}
 B - a potion of ambrosia {unknown}


   Skills:
 - Level 1.7 Fighting
 * Level 6.3 Maces & Flails
 - Level 0.8 Throwing
 - Level 1.2 Armour
 - Level 1.3 Dodging
 - Level 1.7 Spellcasting
 + Level 5.5 Translocations


You had 4 spell levels left.
You knew the following spells:

 Your Spells              Type           Power      Damage    Failure   Level
a - Blink                 Tloc           32%        N/A       4%          2
b - Teleport Other        Tloc           16%        N/A       9%          3

Your spell library contained the following spells:

 Spells                   Type           Power      Damage    Failure   Level
 Lesser Beckoning         Tloc           32%        N/A       4%          2
 Portal Projectile        Hex/Tloc       18%        N/A       28%         3
 Vhi's Electric Charge    Tloc/Air       18%        N/A       28%         3
 Manifold Assault         Tloc           16%        N/A       28%         4
 Blade Hands              Tmut           0%         N/A       100%        5
 Tukima's Dance           Hex            Unusable   N/A       N/A         3

Dungeon Overview and Level Annotations

Branches:
Dungeon (7/15)             Temple (1/1) D:4

Altars:
Ashenzari
Cheibriados
Dithmenos
Elyvilon
Fedhas
Gozag
Hepliaklqana
Makhleb
Nemelex Xobeh
Okawaru
Qazlal
Ru
Sif Muna
Trog
Uskayaw
Vehumet
Wu Jian
Xom
Zin

Shops:
D:1 *   D:4 ?   D:5 [

Annotations:
D:5 Edmund, Sigmund
D:6 1 runed translucent door, Crazy Yiuf


Innate Abilities, Weirdness & Mutations

You are completely covered in rugged brown scales. (AC +3, +7% HP)
Armour fits poorly on your strangely shaped body.
You have a long armoured tail.
You roll when moving toward enemies. (Rampage)
Your long tongue fully drains potion bottles. (2x potion effects)
Your tongue gives you trouble enunciating. (1.5x scroll delay)


Message History

The killer bee stings you but does no damage.
You hit the killer bee but do no damage.
The killer bee is moderately wounded.
You feel very sick. The killer bee barely misses you.
The killer bee misses you.
You miss the killer bee.
The killer bee is moderately wounded.
You feel very sick. The killer bee stings you.
* * * LOW HITPOINT WARNING * * *
The killer bee stings you.
* * * LOW HITPOINT WARNING * * *
You miss the killer bee.
The killer bee is moderately wounded.
You feel sick. The killer bee stings you.
* * * LOW HITPOINT WARNING * * *
The killer bee closely misses you.
Unknown command.
You barely miss the killer bee.
The killer bee is moderately wounded.
You feel sick. The killer bee barely misses you.
The killer bee stings you but does no damage.
Unknown command.
You sock the killer bee!
Your tail-slap misses the killer bee.
The killer bee is severely wounded.
You feel sick. The killer bee completely misses you.
The killer bee closely misses you.
Unknown command.
You miss the killer bee.
The killer bee is severely wounded.
You feel sick. The killer bee barely misses you. The killer bee stings you.
* * * LOW HITPOINT WARNING * * *
The killer bee stings you.
* * * LOW HITPOINT WARNING * * *
Unknown command.
You hit the killer bee but do no damage.
Your tail-slap misses the killer bee.
The killer bee is severely wounded.
You feel sick. The killer bee stings you.
You die...

#.......#.......# #.##
.....#.#.......# #.# ...
..........# #.#
#.##.#.......####.##
#....#.......#......
#............#.##.#.
#............#.##...
##..#####.####.####.
###.@##....####.####.
####..y.................
#.....♣♣.♣♣......##.###.
#....♣..♣.♣..♣....##.###.
#....♣♣.....♣♣..#........
#.#....y._......####.####
...#..♣♣.....♣♣...........
...
#..♣..♣.♣..♣..#####.###
... ##...♣♣.♣♣...## #.###


You could see a killer bee.

Vanquished Creatures
  A sky beast (D:6)
  An ogre (D:4)
  A bullfrog (D:6)
  A scorpion (D:4)
  A hound (D:5)
  2 jellies
  An orc priest (D:7)
  2 iguanas
  3 orc wizards
  3 gnolls (D:3)
  6 adders
  4 dart slugs
  9 orcs
  6 endoplasms
  4 giant cockroaches
  2 goblins
  7 hobgoblins
  2 jackals (D:2)
  5 kobolds
  2 quokkas
  7 ball pythons
  A bat (D:3)
  2 frilled lizards
  8 rats
81 creatures vanquished.

Notes
Turn   | Place    | Note
-------+----------+-------------------------------------------
     0 | D:1      | cdecastro the Armataur Warper began the quest for the Orb.
     0 | D:1      | Reached XP level 1. HP: 18/18 MP: 3/3
    26 | D:1      | Found Ryluduoniosm's General Store.
    47 | D:1      | Reached skill level 2 in Maces & Flails
   222 | D:1      | Reached XP level 2. HP: 25/25 MP: 4/4
   730 | D:1      | Bought a potion of curing for 33 gold pieces
   730 | D:1      | Bought a scroll of poison for 44 gold pieces
  1123 | D:2      | Reached XP level 3. HP: 22/31 MP: 5/5
  2000 | D:3      | Reached skill level 3 in Maces & Flails
  2056 | D:3      | Found a sacrificial altar of Ru.
  2120 | D:3      | Reached XP level 4. HP: 36/38 MP: 6/6
  2213 | D:3      | Learned a level 2 spell: Blink
  2725 | D:3      | Found a faded altar of an unknown god.
  3077 | D:4      | Reached skill level 4 in Maces & Flails
  3077 | D:4      | Reached XP level 5. HP: 3/43 MP: 7/7
  3405 | D:4      | Found Kaoseaps's Magic Scroll Emporium.
  3405 | D:4      | Noticed an ogre
  3473 | D:4      | Killed an ogre
  3574 | D:4      | Bought a scroll of fear for 40 gold pieces
  3574 | D:4      | Bought a scroll of identify for 20 gold pieces
  3574 | D:4      | Bought a scroll of identify for 20 gold pieces
  3574 | D:4      | Bought a scroll of noise for 10 gold pieces
  3644 | D:3      | HP: 1/43 [orc/+0 whip (4)]
  3756 | D:4      | Reached XP level 6. HP: 27/51 MP: 8/8
  3844 | D:4      | Learned a level 3 spell: Teleport Other
  4017 | D:4      | Found a staircase to the Ecumenical Temple.
  4028 | D:4      | Reached skill level 5 in Maces & Flails
  4097 | Temple   | Entered the Ecumenical Temple
  4318 | Temple   | Became a worshipper of Warmaster Okawaru
  4470 | D:4      | Found a shimmering altar of Xom.
  4473 | D:4      | Found an opulent altar of Gozag.
  4629 | D:5      | Entered Level 5 of the Dungeon
  4753 | D:5      | Noticed Edmund
  4795 | D:6      | Reached skill level 5 in Translocations
  5010 | D:6      | Found a runed translucent door.
  5011 | D:6      | Noticed Crazy Yiuf
  5212 | D:6      | Reached XP level 7. HP: 43/56 MP: 9/9
  5327 | D:6      | Reached skill level 6 in Maces & Flails
  5644 | D:5      | Found Patzolomn's Antique Armour Shoppe.
  5688 | D:5      | Noticed Sigmund
  6185 | D:7      | Found a hide-covered altar of Uskayaw.
  6231 | D:7      | Slain by a killer bee

Illustrated notes

Levels and vault maps discovered:
D:1:      ncdulo_lavacross, layout_basic, serial_shops, shop_statue
D:2:      layout_basic
D:3:      layout_loops_cross, nicolae_ru_great_annihilating_truth,
          hellmonk_ecumenical_altar_inner_sanctum
D:4:      layout_basic, nicolae_overflow_hidden_temple,
          minmay_temple_entry_mist, serial_shops, nicolae_shop_hallway_plus
D:5:      layout_cave_pools, serial_shops, nicolae_shop_getting_attention,
          hangedman_minor_gate_pass, uniq_edmund, uniq_grinder, uniq_sigmund
D:6:      layout_rooms, kennysheep_cluttered_room, uniq_crazy_yiuf_cottage
D:7:      layout_loops_cross, mainiacjoe_overflow_small_starburst,
          minmay_unpleasant_kobolds
Temple:   regret_index_temple_generic_petals

Skill      XL: |  1  2  3  4  5  6  7 |
---------------+----------------------+-----
Maces & Flails | 2 3 4 5 6 |  6.3
Translocations | 4 5 |  5.5
Fighting       | |  1.7
Throwing       | |  0.8
Armour         | |  1.2
Dodging        | |  1.3
Spellcasting   | |  1.7

Action                     |  1- 3 |  4- 6 |  7- 9 || total
---------------------------+-------+-------+-------++-------
  Melee: Mace              |   103 |   184 |    71 ||   358
         Tailslap          |     8 |    20 |     3 ||    31
         Punch             |       |       |     1 ||     1
  Throw: Dart              |       |    19 |     5 ||    24
         Boomerang         |       |     1 |       ||     1
   Cast: Teleport Other    |       |       |     4 ||     4
    Use: Scroll            |       |     8 |       ||     8
         Potion            |       |     2 |     1 ||     3
   Stab: Invisible         |       |     1 |       ||     1
         Paralysed         |       |     1 |       ||     1
 Armour: Leather armour    |    38 |    66 |    25 ||   129
  Dodge: Dodged            |    36 |    85 |    52 ||   173
